 Dungeon Crawl Stone Soup version 0.31-a0-188-g5e087ee2ca (webtiles) character file.

Game seed: 10939859759881934554

518 MacCMillion the Chiller (level 7, -1/51 HPs)
             Began as a Gnoll Ice Elementalist on June 23, 2023.
             Was an Initiate of Cheibriados.
             Killed by divine providence
             ... invoked by an orc priest
              (10 damage)
             ... on level 6 of the Dungeon.
             The game lasted 00:06:43 (5204 turns).

MacCMillion the Chiller (Gnoll Ice Elementalist)    Turns: 5204, Time: 00:06:44

Health: -1/51      AC: 15    Str:  8    XL:     7   Next: 21%
Magic:  6/15       EV: 14    Int: 18    God:    Cheibriados [......]
Gold:   117        SH:  0    Dex: 13    Spells: 10/17 levels left

rFire   . . .        g - +0 dagger (flame)
rCold   . . .        (no shield)
rNeg    . . .        a - +0 robe
rPois   +            (no helmet)
rElec   .            u - +0 cloak
rCorr   .            n - +0 pair of gloves
SInv    .            (no boots)
Will    .....        (no amulet)
Stlth   +++          o - +4 ring of protection
HPRegen 0.28/turn    w - ring of poison resistance
MPRegen 0.14/turn

%: no passive effects
@: ice-armoured, freezing walls, very slow
A: fangs 1, strong nose, distributed training
a: Renounce Religion


You were on level 6 of the Dungeon.
You worshipped Cheibriados.
Cheibriados was noncommittal.
You visited 1 branch of the dungeon, and saw 6 of its levels.

You collected 117 gold pieces.

Inventory:

Hand Weapons
 g - a +0 dagger of flaming (weapon)
Missiles
 r - 4 boomerangs
 y - 2 poisoned darts
 E - a curare-tipped dart
Armour
 a - a +0 robe (worn)
 n - a +0 pair of gloves (worn)
 u - a +0 cloak (worn)
Jewellery
 o - a +4 ring of protection (left hand)
 w - a ring of poison resistance (right hand)
Wands
 B - a wand of flame (36)
Scrolls
 c - 3 scrolls of identify {unknown}
 d - a scroll of fear {unknown}
 f - a scroll of brand weapon {unknown}
 i - a scroll of summoning {unknown}
 j - a scroll of immolation {unknown}
 l - a scroll of teleportation {unknown}
 m - a scroll of torment {unknown}
 q - a scroll of enchant armour {unknown}
 s - a scroll of revelation {unknown}
 t - 2 scrolls of enchant weapon {unknown}
 z - 2 scrolls of fog {unknown}
 D - a scroll of acquirement {unknown}
 F - a scroll of vulnerability {unknown}
Potions
 b - a potion of magic
 e - 2 potions of degeneration {unknown}
 h - a potion of berserk rage {unknown}
 k - a potion of might {unknown}
 p - 2 potions of curing {unknown}
 v - a potion of lignification {unknown}
 x - 2 potions of ambrosia {unknown}
 A - a potion of haste {unknown}
 C - 2 potions of heal wounds {unknown}


   Skills:
 + Level 2.4 Fighting
 + Level 2.4 Short Blades
 + Level 2.4 Long Blades
 + Level 2.4 Axes
 + Level 2.4 Maces & Flails
 + Level 2.4 Polearms
 + Level 2.4 Staves
 + Level 2.4 Ranged Weapons
 + Level 2.4 Throwing
 + Level 2.4 Armour
 + Level 5.2 Dodging
 + Level 4.9 Stealth
 + Level 2.4 Shields
 + Level 2.4 Unarmed Combat
 + Level 5.6 Spellcasting
 + Level 2.0 Conjurations
 + Level 2.0 Hexes
 + Level 2.0 Summonings
 + Level 2.0 Necromancy
 + Level 2.0 Translocations
 + Level 2.0 Transmutations
 + Level 2.0 Fire Magic
 + Level 7.4 Ice Magic
 + Level 2.0 Air Magic
 + Level 2.0 Earth Magic
 + Level 2.0 Poison Magic
 + Level 2.7 Invocations
 + Level 2.4 Evocations


You had 10 spell levels left.
You knew the following spells:

 Your Spells              Type           Power      Damage    Failure   Level
a - Freeze                Ice            100%       1d10      1%          1
b - Frozen Ramparts       Ice            62%        1d10      1%          3
c - Ozocubu's Armour      Ice            31%        N/A       1%          3

Your spell library contained the following spells:

 Spells                   Type           Power      Damage    Failure   Level
 Magic Dart               Conj           48%        1d5       5%          1
 Searing Ray              Conj           24%        2d5       9%          2
 Summon Ice Beast         Ice/Summ       22%        N/A       19%         4
 Fulminant Prism          Conj/Hex       6%         3d7       50%         4


Dungeon Overview and Level Annotations

Branches:
Dungeon (6/15)
 Temple: D:4-7

Altars:
Cheibriados
Fedhas
Kikubaaqudgha
Xom

Annotations:
D:5 Pikel


Innate Abilities, Weirdness & Mutations

You have very sharp teeth.
Your uncanny sense of smell can sniff out nearby items.
Your experience applies equally to all skills.


Message History

The orc attacks as you move away! The orc misses you.
The orc attacks as you move away! The orc closely misses you.
The orc priest calls upon Beogh to heal the orc.
The orc's wounds heal themselves!
The orc misses you.
The orc priest mumbles some strange prayers to Beogh against you.
Beogh smites you!
* * * LOW HITPOINT WARNING * * *
You hear a distant slurping noise.
Casting: Frozen Ramparts (safe; 1% risk of failure)
Confirm with . or Enter, or press ? or * to list all spells.
Casting: Frozen Ramparts (safe; 1% risk of failure)
Press: ? - help, Dir - look around, f - activate The walls around you are covered in ice.
The wall freezes the orc.
The orc closely misses you.
You hit the orc. You burn the orc.
You kill the orc!
Cheibriados appreciates the change of pace.
The wall freezes the black bear.
Casting: Frozen Ramparts (safe; 1% risk of failure)
Confirm with . or Enter, or press ? or * to list all spells.
A film of ice covers your body!
The wall freezes the black bear!
The black bear bites you but does no damage.
The black bear claws you but does no damage.
The black bear misses you.
You completely miss the black bear.
The black bear is moderately wounded.
The wall freezes the black bear.
The black bear bites you but does no damage.
The black bear claws you but does no damage. x2
You hit the black bear. You burn the black bear.
The black bear is heavily wounded.
The wall freezes the black bear!
The black bear closely misses you. x2
The black bear barely misses you.
The wall freezes the orc priest.
You hit the black bear. You burn the black bear.
You kill the black bear!
Cheibriados appreciates the change of pace.
The wall freezes the orc priest.
The orc priest invokes the aid of Beogh against you.
Beogh smites you!
You die...

####### #<....####
#.###....#
########.#......#
...........#....##
.#######@###.....##
#)##.......###
#o............
####.......##
##......# ##o..#.#
##.##.##.#
##.......#
#####..##...##


You could see an orc priest.

Vanquished Creatures
  A black bear (D:6)
  A lemure (D:4)
  A kobold brigand (D:4)
  Blork the orc (D:5)
  An orc priest (D:4)
  A hound (D:4)
  Jessica (D:3)
  Terence (D:2)
  3 iguanas
  2 orc wizards (D:4)
  3 adders (D:2)
  A shadow imp (D:6)
  A white imp (D:6)
  An ufetubus (D:5)
  2 worms
  4 dart slugs
  6 orcs
  6 ball pythons
  3 endoplasms
  3 giant cockroaches (D:2)
  7 hobgoblins
  7 jackals
  4 quokkas
  2 bats (D:1)
  7 frilled lizards
  8 goblins
  3 kobolds
  8 rats
89 creatures vanquished.

Notes
Turn   | Place    | Note
-------+----------+-------------------------------------------
     0 | D:1      | MacCMillion the Gnoll Ice Elementalist began the quest for
                  | the Orb.
     0 | D:1      | Reached XP level 1. HP: 13/13 MP: 6/6
   274 | D:1      | Reached XP level 2. HP: 15/19 MP: 5/7
   813 | D:1      | Reached skill level 5 in Spellcasting
   813 | D:1      | Reached XP level 3. HP: 20/25 MP: 4/9
  1050 | D:2      | Noticed Terence
  1080 | D:1      | Learned a level 3 spell: Frozen Ramparts
  1084 | D:1      | Learned a level 3 spell: Ozocubu's Armour
  1090 | D:2      | Reached skill level 1 in Invocations
  1098 | D:2      | Killed Terence
  1099 | D:2      | Reached skill level 1 in Fighting
  1099 | D:2      | Reached skill level 1 in Short Blades
  1099 | D:2      | Reached skill level 1 in Long Blades
  1099 | D:2      | Reached skill level 1 in Axes
  1099 | D:2      | Reached skill level 1 in Maces & Flails
  1099 | D:2      | Reached skill level 1 in Polearms
  1099 | D:2      | Reached skill level 1 in Staves
  1099 | D:2      | Reached skill level 1 in Ranged Weapons
  1099 | D:2      | Reached skill level 1 in Throwing
  1099 | D:2      | Reached skill level 1 in Armour
  1099 | D:2      | Reached skill level 1 in Shields
  1099 | D:2      | Reached skill level 1 in Unarmed Combat
  1099 | D:2      | Reached skill level 1 in Evocations
  1099 | D:2      | Reached XP level 4. HP: 3/27 MP: 1/11
  1266 | D:2      | Found a blossoming altar of Fedhas.
  1494 | D:2      | You fall into a shaft and drop 2 floors!
  1631 | D:3      | Reached skill level 1 in Conjurations
  1631 | D:3      | Reached skill level 1 in Hexes
  1631 | D:3      | Reached skill level 1 in Summonings
  1631 | D:3      | Reached skill level 1 in Necromancy
  1631 | D:3      | Reached skill level 1 in Translocations
  1631 | D:3      | Reached skill level 1 in Transmutations
  1631 | D:3      | Reached skill level 1 in Fire Magic
  1631 | D:3      | Reached skill level 1 in Air Magic
  1631 | D:3      | Reached skill level 1 in Earth Magic
  1631 | D:3      | Reached skill level 1 in Poison Magic
  2448 | D:2      | Reached XP level 5. HP: 37/37 MP: 2/12
  3154 | D:3      | Found an ancient bone altar of Kikubaaqudgha.
  3219 | D:3      | Noticed Jessica
  3233 | D:3      | Killed Jessica
  3666 | D:4      | Reached XP level 6. HP: 26/44 MP: 8/14
  3937 | D:4      | Reached skill level 5 in Dodging
  4474 | D:4      | Found a shimmering altar of Xom.
  4511 | D:4      | Found a snail-covered altar of Cheibriados.
  4652 | D:4      | Became a worshipper of Cheibriados the Contemplative
  4740 | D:5      | Entered Level 5 of the Dungeon
  4740 | D:5      | Noticed Pikel
  4869 | D:5      | Noticed Blork the orc
  4881 | D:5      | Killed Blork the orc
  4882 | D:5      | Reached XP level 7. HP: 26/51 MP: 3/15
  5204 | D:6      | Killed from afar by an orc priest

Illustrated notes

Levels and vault maps discovered:
D:1:      psy_arrival_basics, layout_rooms, minmay_domino_2
D:2:      layout_loops_ring, basic_altar, chequers_serial_rivers_small_3,
          uniq_terence
D:3:      layout_loops_ring, nicolae_kikubaaqudgha_miasma_corner,
          minmay_tree_intersection, uniq_jessica
D:4:      layout_basic, mainiacjoe_overflow_two_lobes
D:5:      layout_rooms, uniq_blork_the_orc, uniq_pikel
D:6:      nicolae_cairo_tiling_very_big, layout_loops_cross,
          minmay_temple_entry_butterflies

Skill      XL: |  1  2  3  4  5  6  7 |
---------------+----------------------+-----
Spellcasting   | 5 |  5.6
Invocations    | 1 2 |  2.7
Fighting       | 1 2 |  2.4
Short Blades   | 1 2 |  2.4
Long Blades    | 1 2 |  2.4
Axes           | 1 2 |  2.4
Maces & Flails | 1 2 |  2.4
Polearms       | 1 2 |  2.4
Staves         | 1 2 |  2.4
Ranged Weapons | 1 2 |  2.4
Throwing       | 1 2 |  2.4
Armour         | 1 2 |  2.4
Shields        | 1 2 |  2.4
Unarmed Combat | 1 2 |  2.4
Evocations     | 1 2 |  2.4
Conjurations   | 1 2 |  2.0
Hexes          | 1 2 |  2.0
Summonings     | 1 2 |  2.0
Necromancy     | 1 2 |  2.0
Translocations | 1 2 |  2.0
Transmutations | 1 2 |  2.0
Fire Magic     | 1 2 |  2.0
Air Magic      | 1 2 |  2.0
Earth Magic    | 1 2 |  2.0
Poison Magic   | 1 2 |  2.0
Dodging        | 5 |  5.2
Stealth        | |  4.9
Ice Magic      | |  7.4

Action                     |  1- 3 |  4- 6 |  7- 9 || total
---------------------------+-------+-------+-------++-------
  Melee: Unarmed           |     3 |       |       ||     3
         Dagger            |    32 |    71 |    36 ||   139
         Bite              |     3 |    16 |     3 ||    22
         Punch             |     1 |     2 |     1 ||     4
   Cast: Freeze            |    28 |     6 |       ||    34
         Frozen Ramparts   |     2 |    29 |     2 ||    33
         Ozocubu's Armour  |     1 |    10 |     3 ||    14
   Stab: Sleeping          |     3 |     4 |       ||     7
 Armour: Robe              |    14 |    16 |    19 ||    49
  Dodge: Dodged            |    41 |    39 |    35 ||   115

Table legend: (Time is in decaauts)
 A = Elapsed time spent in this place.
 B = Non-inter-level travel time spent in this place.
 C = Inter-level travel time spent in this place.
 D = Time resting spent in this place.
 E = Time spent auto-exploring this place.
 F = Levels seen in this place.
 G = Mean time per level.
                   A        B        C        D        E       F      G
               +--------+--------+--------+--------+--------+-----+--------+
         Total |   5279 |   5112 |    167 |   1508 |   2747 |   6 |  879.8 |
       Dungeon |   5279 |   5112 |    167 |   1508 |   2747 |   6 |  879.8 |
               +--------+--------+--------+--------+--------+-----+--------+

Top non-repeatable levels by time:
     D:4: 1549 daAuts
     D:2: 1343 daAuts
     D:3: 1075 daAuts
     D:1: 1032 daAuts
     D:5: 155 daAuts
     D:6: 124 daAuts
